BSA
SO CAL HENVY @ NEW ORLEANS LOOTERS
06/24/2026
 
TOP OF THE 1ST
So Cal Henvy batting - Pitching for New Orleans Looters : RHP Gennarino Lucchetti
Pitching: RHP Gennarino Lucchetti
Batting: SHB Miguel González 0-0: Fly out, F9 (Line Drive, 9M)
Batting: LHB John Peterson 0-0: Ball
1-0: Ball
2-0: Foul Ball, location: 2F
2-1: Foul Ball, location: 2F
2-2: Ball
3-2: Strikes out looking
Batting: RHB Rubén Calderón 0-0: Ball
1-0: Ball
2-0: Swinging Strike
2-1: Foul Ball, location: 2F
2-2: Foul Ball, location: 2F
2-2: Strikes out looking
Top of the 1st over - 0 run(s), 0 hit(s), 0 error(s), 0 left on base; So Cal 0 - New Orleans 0
BOTTOM OF THE 1ST
New Orleans Looters batting - Pitching for So Cal Henvy : LHP Ramiro Jiménez
Pitching: LHP Ramiro Jiménez
Batting: RHB José Mora 0-0: Ball
1-0: Called Strike
1-1: Ball
2-1: Fly out, F8 (Flyball, 8LXD)
Batting: RHB Stephen Shaw 0-0: Foul Ball, location: 2F
0-1: Ball
1-1: Called Strike
1-2: Strikes out swinging
Batting: LHB Taylor Smith 0-0: Ball
1-0: Called Strike
1-1: Swinging Strike
1-2: Ball
2-2: Fly out, F8 (Flyball, 8LM)
Bottom of the 1st over - 0 run(s), 0 hit(s), 0 error(s), 0 left on base; So Cal 0 - New Orleans 0
TOP OF THE 2ND
So Cal Henvy batting - Pitching for New Orleans Looters : RHP Gennarino Lucchetti
Batting: LHB José Antonio Santiago 0-0: Foul Ball, location: 2F
0-1: Foul Ball, location: 2F
0-2: Ball
1-2: Strikes out swinging
Batting: RHB Earl Wiggins 0-0: Ball
1-0: Called Strike
1-1: SINGLE (Line Drive, 6M)
Batting: RHB Greg Handrahan 0-0: Called Strike
0-1: Foul Ball, location: 2F
0-2: Ball
1-2: 2-RUN HOME RUN (Flyball, 7D), Distance : 375 ft
Batting: RHB Morgan Gibbon 0-0: Called Strike
0-1: Ball
1-1: Ball
2-1: Called Strike
2-2: Foul Ball, location: 2F
2-2: SINGLE (Groundball, 34D)
Batting: LHB Leo Wyeth 0-0: Grounds out, U3 (Groundball, 3L)
Batting: RHB Gregg Nelson 0-0: Ball
1-0: Fly out, F9 (Flyball, 89M)
Top of the 2nd over - 2 run(s), 3 hit(s), 0 error(s), 1 left on base; So Cal 2 - New Orleans 0
BOTTOM OF THE 2ND
New Orleans Looters batting - Pitching for So Cal Henvy : LHP Ramiro Jiménez
Batting: LHB José Esparza 0-0: Foul Ball, location: 2F
0-1: Ball
1-1: Ball
2-1: Ball
3-1: Foul Ball, location: 2F
3-2: Foul Ball, location: 2F
3-2: Foul Ball, location: 2F
3-2: Ground out 3-1 (Groundball, 34)
Batting: LHB Luis Sánchez 0-0: Called Strike
0-1: Called Strike
0-2: Ball
1-2: Strikes out swinging
Batting: SHB Nate Rhodes 0-0: Called Strike
0-1: Ball
1-1: Foul Ball, location: 2F
1-2: Ball
2-2: Foul Ball, location: 2F
2-2: Ground out 4-3 (Groundball, 4S)
Bottom of the 2nd over - 0 run(s), 0 hit(s), 0 error(s), 0 left on base; So Cal 2 - New Orleans 0
TOP OF THE 3RD
So Cal Henvy batting - Pitching for New Orleans Looters : RHP Gennarino Lucchetti
Batting: SHB Miguel González 0-0: Called Strike
0-1: Foul Ball, location: 2F
0-2: Ball
1-2: Ball
2-2: Strikes out swinging
Batting: LHB John Peterson 0-0: Ball
1-0: Ball
2-0: Ball
3-0: Base on Balls
Batting: RHB Rubén Calderón 0-0: Ball
1-0: Swinging Strike
1-1: Fly out, F4 (Popup, 34D)
Batting: LHB José Antonio Santiago 0-0: Foul Ball, location: 2F
0-1: Ball
1-1: Swinging Strike
1-2: Foul Ball, location: 2F
1-2: Ball
2-2: SINGLE (Line Drive, 4)
John Peterson to second
Batting: RHB Earl Wiggins 0-0: Swinging Strike
0-1: Ball
1-1: Swinging Strike
1-2: Strikes out swinging
Top of the 3rd over - 0 run(s), 1 hit(s), 0 error(s), 2 left on base; So Cal 2 - New Orleans 0
BOTTOM OF THE 3RD
New Orleans Looters batting - Pitching for So Cal Henvy : LHP Ramiro Jiménez
Batting: RHB Luis Alou 0-0: Called Strike
0-1: Ball
1-1: Ground out 1-3 (Groundball, 13)
Batting: RHB Dave O'Loan 0-0: Ball
1-0: Swinging Strike
1-1: Ball
2-1: Ball
3-1: SINGLE (Groundball, 6M)
Batting: RHB John Anderson 0-0: Grounds out, U3 (Groundball, 3L)
Batting: RHB José Mora 0-0: Called Strike
0-1: Foul Ball, location: 2F
0-2: SINGLE (Groundball, 56D)
Dave O'Loan to third
Runner from 3rd tries for Home, SAFE, no throw or cutoff
Batting: RHB Stephen Shaw 0-0: Ball
1-0: Swinging Strike
1-1: SINGLE (Line Drive, 6MD)
José Mora to second
Runner from 2nd tries for 3rd, SAFE, no throw or cutoff
Batting: LHB Taylor Smith 0-0: Foul Ball, location: 2F
0-1: Foul Ball, location: 2F
0-2: Foul Ball, location: 2F
0-2: Foul Ball, location: 2F
0-2: Strikes out looking
Bottom of the 3rd over - 1 run(s), 3 hit(s), 0 error(s), 2 left on base; So Cal 2 - New Orleans 1
TOP OF THE 4TH
So Cal Henvy batting - Pitching for New Orleans Looters : RHP Gennarino Lucchetti
Batting: RHB Greg Handrahan 0-0: Swinging Strike
0-1: Foul Ball, location: 2F
0-2: Ball
1-2: Strikes out looking
Batting: RHB Morgan Gibbon 0-0: Called Strike
0-1: SINGLE (Flyball, 8LM)
Batting: LHB Leo Wyeth 0-0: Fielders Choice at 2nd, 4-6 (Groundball, 34)
Batting: RHB Gregg Nelson 0-0: Called Strike
0-1: Foul Ball, location: 2F
0-2: Foul Ball, location: 2F
0-2: Strikes out swinging
Top of the 4th over - 0 run(s), 1 hit(s), 0 error(s), 1 left on base; So Cal 2 - New Orleans 1
BOTTOM OF THE 4TH
New Orleans Looters batting - Pitching for So Cal Henvy : LHP Ramiro Jiménez
Batting: LHB José Esparza 0-0: Foul Ball, location: 2F
0-1: Ball
1-1: Ball
2-1: Foul Ball, location: 2F
2-2: Ball
3-2: Ground out 1-3 (Groundball, 56S)
Batting: LHB Luis Sánchez 0-0: Swinging Strike
0-1: Swinging Strike
0-2: Ball
1-2: Ball
2-2: Ball
3-2: Fly out, F7 (Flyball, 7S)
Batting: SHB Nate Rhodes 0-0: Ball
1-0: Foul Ball, location: 2F
1-1: Swinging Strike
1-2: Foul Ball, location: 2F
1-2: Ground out 5-3 (Groundball, 5S)
Bottom of the 4th over - 0 run(s), 0 hit(s), 0 error(s), 0 left on base; So Cal 2 - New Orleans 1
TOP OF THE 5TH
So Cal Henvy batting - Pitching for New Orleans Looters : RHP Gennarino Lucchetti
Batting: SHB Miguel González 0-0: Ball
1-0: Ball
2-0: Foul Ball, location: 2F
2-1: Swinging Strike
2-2: Foul Ball, location: 2F
2-2: Ball
3-2: Fly out, F2 (Popup, 15S)
Batting: LHB John Peterson 0-0: Ball
1-0: Ball
2-0: Ball
3-0: Called Strike
3-1: Called Strike
3-2: Base on Balls
Batting: RHB Rubén Calderón 0-0: Ball
Balk!
John Peterson to second
1-0: Fly out, F7 (Flyball, 78D)
Batting: LHB José Antonio Santiago 0-0: Ball
1-0: Swinging Strike
1-1: Ball
2-1: Called Strike
2-2: Ground out 5-3 (Groundball, 56S)
Top of the 5th over - 0 run(s), 0 hit(s), 0 error(s), 1 left on base; So Cal 2 - New Orleans 1
BOTTOM OF THE 5TH
New Orleans Looters batting - Pitching for So Cal Henvy : LHP Ramiro Jiménez
Batting: RHB Luis Alou 0-0: Called Strike
0-1: Called Strike
0-2: Foul Ball, location: 2F
0-2: Ball
1-2: Strikes out swinging
Batting: RHB Dave O'Loan 0-0: Foul Ball, location: 2F
0-1: Foul Ball, location: 2F
0-2: SINGLE (Groundball, 4MD)
Batting: RHB John Anderson 0-0: Ball
1-0: Ball
2-0: Called Strike
2-1: Foul Ball, location: 2F
2-2: Foul Ball, location: 2F
2-2: Ball
3-2: Fly out, F6 (Line Drive, 6)
Batting: RHB José Mora 0-0: Fielders Choice at 2nd, U6 (Groundball, 6M)
Bottom of the 5th over - 0 run(s), 1 hit(s), 0 error(s), 1 left on base; So Cal 2 - New Orleans 1
TOP OF THE 6TH
So Cal Henvy batting - Pitching for New Orleans Looters : RHP Gennarino Lucchetti
Batting: RHB Earl Wiggins 0-0: Foul Ball, location: 2F
0-1: DOUBLE (Groundball, 5L)
Batting: RHB Greg Handrahan 0-0: Intentional Walk
Batting: RHB Morgan Gibbon 0-0: Swinging Strike
0-1: Foul Ball, location: 2F
0-2: Ball
1-2: Ball
2-2: Strikes out swinging
Batting: LHB Leo Wyeth 0-0: Ball
1-0: Called Strike
1-1: Called Strike
1-2: Ball
2-2: Foul Ball, location: 2F
2-2: Foul Ball, location: 2F
2-2: Strikes out swinging
Batting: RHB Gregg Nelson 0-0: Swinging Strike
0-1: Fly out, F3 (Popup, 3DF)
Top of the 6th over - 0 run(s), 1 hit(s), 0 error(s), 2 left on base; So Cal 2 - New Orleans 1
BOTTOM OF THE 6TH
New Orleans Looters batting - Pitching for So Cal Henvy : LHP Ramiro Jiménez
Batting: RHB Stephen Shaw 0-0: Swinging Strike
0-1: Fly out, F4 (Popup, 4MD)
Batting: LHB Taylor Smith 0-0: Ball
1-0: Called Strike
1-1: Fly out, F7 (Line Drive, 7M)
Batting: LHB José Esparza 0-0: Ball
1-0: Called Strike
1-1: Ball
2-1: Foul Ball, location: 2F
2-2: Ball
3-2: Ground out U3 (Groundball, 3S)
Bottom of the 6th over - 0 run(s), 0 hit(s), 0 error(s), 0 left on base; So Cal 2 - New Orleans 1
TOP OF THE 7TH
So Cal Henvy batting - Pitching for New Orleans Looters : RHP Gennarino Lucchetti
Pitching: LHP Tadao Yoshida
Batting: SHB Miguel González 0-0: SOLO HOME RUN (Flyball, 89XD), Distance : 395 ft
Batting: LHB John Peterson 0-0: Called Strike
0-1: Ball
1-1: Ball
2-1: Swinging Strike
2-2: Strikes out swinging
Batting: RHB Rubén Calderón 0-0: Called Strike
0-1: Foul Ball, location: 2F
0-2: Strikes out looking
Batting: LHB José Antonio Santiago 0-0: Called Strike
0-1: Ball
1-1: Ground out 4-3 (Groundball, 34)
Top of the 7th over - 1 run(s), 1 hit(s), 0 error(s), 0 left on base; So Cal 3 - New Orleans 1
BOTTOM OF THE 7TH
New Orleans Looters batting - Pitching for So Cal Henvy : LHP Ramiro Jiménez
Batting: LHB Luis Sánchez 0-0: Called Strike
0-1: Ball
1-1: Ball
2-1: SOLO HOME RUN (Flyball, 89XD), Distance : 383 ft
Batting: SHB Nate Rhodes 0-0: Swinging Strike
0-1: Ball
1-1: Ball
2-1: Called Strike
2-2: Ground out 5-3 (Groundball, 56)
Batting: RHB Luis Alou 0-0: Foul Ball, location: 2F
0-1: Ball
1-1: Ball
2-1: Swinging Strike
2-2: Ball
3-2: Foul Ball, location: 2F
3-2: Fly out, F9 (Flyball, 9M)
Batting: RHB Dave O'Loan 0-0: Ball
1-0: Ball
2-0: Called Strike
2-1: Swinging Strike
2-2: SINGLE (Groundball, 56)
Pitching: RHP Yin-zhen Zong
Pinch Runner at 1st Francisco Vega:
Batting: RHB John Anderson 0-0: Ball
1-0: Ground out U3 (Groundball, 3S)
Bottom of the 7th over - 1 run(s), 2 hit(s), 0 error(s), 1 left on base; So Cal 3 - New Orleans 2
TOP OF THE 8TH
So Cal Henvy batting - Pitching for New Orleans Looters : LHP Tadao Yoshida
Now at SS: Tim Gardner
Batting: RHB Earl Wiggins 0-0: Called Strike
0-1: Swinging Strike
0-2: Ball
1-2: Ball
2-2: Strikes out swinging
Batting: RHB Greg Handrahan 0-0: Called Strike
0-1: Ball
1-1: Ball
2-1: Ball
3-1: Foul Ball, location: 2F
3-2: Ground out 6-3 (Groundball, 6S)
Batting: RHB Morgan Gibbon 0-0: Called Strike
0-1: Ball
1-1: Ball
2-1: Fly out, F9 (Flyball, 89M)
Top of the 8th over - 0 run(s), 0 hit(s), 0 error(s), 0 left on base; So Cal 3 - New Orleans 2
BOTTOM OF THE 8TH
New Orleans Looters batting - Pitching for So Cal Henvy : RHP Yin-zhen Zong
Pitching: RHP Alejandro Méndez
Batting: RHB José Mora 0-0: Ball
1-0: Ball
2-0: Fly out, F5 (Popup, 25F)
Batting: RHB Stephen Shaw 0-0: Ball
1-0: Ball
2-0: Ball
3-0: Ground out 5-3 (Groundball, 5S)
Pitching: LHP Cecil Bonekamp
Batting: LHB Taylor Smith 0-0: Ball
1-0: Called Strike
1-1: Fly out, F7 (Flyball, 8LXD)
Bottom of the 8th over - 0 run(s), 0 hit(s), 0 error(s), 0 left on base; So Cal 3 - New Orleans 2
TOP OF THE 9TH
So Cal Henvy batting - Pitching for New Orleans Looters : LHP Tadao Yoshida
Batting: LHB Leo Wyeth 0-0: Ball
1-0: Ball
2-0: Ball
3-0: Called Strike
3-1: Called Strike
3-2: Foul Ball, location: 2F
3-2: Foul Ball, location: 2F
3-2: DOUBLE (Flyball, 78D)
Pitching: LHP Juan Fuentes
Batting: RHB Gregg Nelson 0-0: Ball
1-0: Called Strike
1-1: Called Strike
1-2: Foul Ball, location: 2F
1-2: Strikes out swinging
Batting: SHB Miguel González 0-0: Swinging Strike
0-1: Ball
1-1: Swinging Strike
1-2: Strikes out swinging
Batting: LHB John Peterson 0-0: Ball
1-0: Called Strike
1-1: Ball
2-1: SINGLE (Line Drive, 34D)
Leo Wyeth to third
Batting: RHB Rubén Calderón 0-0: Foul Ball, location: 2F
0-1: Called Strike
0-2: Strikes out swinging
Top of the 9th over - 0 run(s), 2 hit(s), 0 error(s), 2 left on base; So Cal 3 - New Orleans 2
BOTTOM OF THE 9TH
New Orleans Looters batting - Pitching for So Cal Henvy : LHP Cecil Bonekamp
Pitching: RHP Juan Flores
Batting: LHB José Esparza 0-0: Swinging Strike
0-1: Called Strike
0-2: Ball
1-2: Ball
2-2: Strikes out looking
Batting: LHB Luis Sánchez 0-0: Called Strike
0-1: Ball
1-1: Foul Ball, location: 2F
1-2: SINGLE (Line Drive, 4MD)
Batting: SHB Nate Rhodes 0-0: DOUBLE (Flyball, 89D)
Luis Sánchez to third
Batting: RHB Luis Alou 0-0: Ball
1-0: Ball
2-0: Foul Ball, location: 2F
2-1: Fly out, F8 (Line Drive, 8LS)
Batting: RHB Tim Gardner 0-0: Called Strike
0-1: Fly out, F8 (Flyball, 8RD)
Bottom of the 9th over - 0 run(s), 2 hit(s), 0 error(s), 2 left on base; So Cal 3 - New Orleans 2
Monday, December 5th, 2016 - OOTP Baseball 17.12 Build 75